 Dungeon Crawl Stone Soup version 0.18.1-50-g88ac8fd (webtiles) character file.

37 Gargoyl the Skirmisher (level 3, 29/29 HPs)
             Began as a Demonspawn Abyssal Knight on Sept 19, 2016.
             Was a Follower of Lugonu.
             Quit the game on level 2 of the Dungeon.
             The game lasted 00:01:25 (949 turns).

Gargoyl the Skirmisher (Demonspawn Abyssal Knight)   Turns: 949, Time: 00:01:26

Health: 29/29      AC:  5    Str: 13    XL:     3   Next: 21%
Magic:  5/5        EV: 10    Int: 13    God:    Lugonu [*.....]
Gold:   52         SH:  0    Dex: 12    Spells: 0 memorised, 2 levels left

rFire  . . .     SeeInvis .     j - +0 hand axe (venom)
rCold  . . .     Gourm    .     d - +0 ring mail (curse)
rNeg   . . .     Faith    .     (no shield)
rPois  .         Spirit   +     (no helmet)
rElec  .         Dismiss  .     (no cloak)
rCorr  .         Reflect  .     (no gloves)
SustAt .         Harm     .     (no boots)
MR     .....                    (no amulet)
Stlth  +.........               (no ring)
                                (no ring)

@: not resistant to hostile enchantments, very unstealthy
A: talons 1, magic shield
a: Depart the Abyss, Renounce Religion


You were on level 2 of the Dungeon.
You worshipped Lugonu.
Lugonu was aware of your devotion.
You were not hungry.

You visited 1 branch of the dungeon, and saw 2 of its levels.
You visited the Abyss 1 time.

You collected 52 gold pieces.

Inventory:

Hand Weapons
 a - a +1 hand axe
 j - a +0 hand axe of venom (weapon)
Missiles
 f - 7 tomahawks (quivered)
Armour
 d - a cursed +0 ring mail (worn)
Jewellery
 i - an uncursed ring of fire {unknown}
Scrolls
 g - a scroll of enchant armour {unknown}
 h - a scroll of teleportation {unknown}
 k - a scroll of identify {unknown}
Potions
 e - a potion of cancellation {unknown}
Comestibles
 b - a royal jelly
 c - a bread ration
 l - a meat ration


   Skills:
 + Level 3.5 Fighting
 + Level 2.1 Axes
 * Level 2.2 Armour
 + Level 1.1 Dodging
 + Level 2.7 Invocations


You had 2 spell levels left.
You didn't know any spells.

Dungeon Overview and Level Annotations

Branches:
Dungeon (2/15)

Altars:


Innate Abilities, Weirdness & Mutations

You have sharp toenails.
When hurt, damage is shared between your health and your magic reserves.


Message History

Lugonu accepts your kill.
You see here a rat corpse.
k - a scroll labeled ZYRCHEU XUEFUG You open the door.
There is an open door here.
l - a meat ration
Found a short sword.
An adder comes into view.
You hit the adder.
The adder is poisoned.
Your kick misses the adder.
The adder is severely wounded.
The adder bites you but does no damage.
You hit the adder.
You kill the adder!
Lugonu accepts your kill.
You have reached level 3!
Your experience leads to an increase in your attributes!
Increase (S)trength, (I)ntelligence, or (D)exterity?
You feel stronger.
Your demonic ancestry asserts itself...
You feel your magical essence form a protective shroud around your flesh.
Are you sure you want to abandon this character and quit the game? (Confirm with "yes".)

##+#### .......
.......
.....).###
#..........
#.........#
#......%†@# .
#.........# ..
#.........# ...
#.#####+#.#
....###.#####.#.#
..............#.#
#+##.....#####.#
#.....'.....#
.##.....########


There were no monsters in sight!

Vanquished Creatures
  2 adders
  A giant gecko (D:1)
  A giant cockroach (D:2)
  3 goblins (D:1)
  2 hobgoblins (D:1)
  2 bats (D:1)
  2 kobolds (D:1)
  8 rats
21 creatures vanquished.

Notes
Turn   | Place    | Note
--------------------------------------------------------------
     0 | Abyss:1  | Gargoyl the Demonspawn Abyssal Knight began the quest for the Orb.
     0 | Abyss:1  | Reached XP level 1. HP: 18/18 MP: 2/2
    82 | Abyss:1  | Noticed a chaos spawn
    82 | Abyss:1  | Noticed a thrashing horror
    85 | D:1      | Escaped the Abyss
   218 | D:1      | Noticed a salamander
   218 | D:1      | Noticed a wyvern
   218 | D:1      | Noticed a polar bear
   425 | D:1      | Reached * piety under Lugonu
   431 | D:1      | Gained mutation: You have sharp toenails. [demonic ancestry]
   431 | D:1      | Reached XP level 2. HP: 24/24 MP: 3/3
   603 | D:1      | Reached skill level 1 in Dodging
   948 | D:2      | Gained mutation: When hurt, damage is shared between your health and your magic reserves. [demonic ancestry]
   948 | D:2      | Reached XP level 3. HP: 29/29 MP: 5/5
   949 | D:2      | Quit the game

Skill      XL: |  1  2 |
---------------+-------+-----
Armour         | 2 |  2.2
Dodging        | 1 |  1.1
Axes           | 2 |  2.1
Fighting       | |  3.5
Invocations    | |  2.7

Action                   || total
-------------------------++-------
Melee: Hand axe          ||    56
       Kick              ||     5
Invok: Depart the Abyss  ||     1
Armor: Ring mail         ||    21
Dodge: Dodged            ||    35
